 Dungeon Crawl Stone Soup version 0.25-a0-42-g6c54e25894 (webtiles) character file.

Game seed: 18290442183476432807, levelgen mode: deterministic

1686 Johnny the Spear-Bearer (level 8, -1/70 HPs)
             Began as a Demigod Gladiator on Oct 23, 2019.
             Slain by Menkaure (19 damage)
             ... on level 6 of the Dungeon.
             The game lasted 00:07:16 (5716 turns).

Johnny the Spear-Bearer (Demigod Gladiator)         Turns: 5716, Time: 00:07:16

Health: -1/70      AC: 11    Str: 21    XL:     8   Next: 43%
Magic:  10/10      EV:  7    Int: 12    God:
Gold:   180        SH:  0    Dex: 21    Spells: 7/7 levels left

rFire    . . .     SeeInvis .   a - +0 trident
rCold    . . .     Gourm    .   (no shield)
rNeg     . . .     Faith    .   l - +0 plate armour
rPois    +         Spirit   .   c - +0 helmet
rElec    .         Reflect  .   u - scarf {repulsion}
rCorr    .         Harm     .   (no gloves)
MR       .....                  (no boots)
Stlth    ..........             r - amulet of the acrobat
HPRegen  0.21/turn              m - +4 ring of dexterity
MPRegen  0.12/turn              n - ring of poison resistance

@: repel missiles
A: high mp 1
a: no special abilities


You were on level 6 of the Dungeon.
You were not hungry.

You visited 1 branch of the dungeon, and saw 6 of its levels.

You collected 180 gold pieces.

Inventory:

Hand Weapons
 a - a +0 trident (weapon)
Missiles
 d - 3 throwing nets (quivered)
Armour
 c - a +0 helmet (worn)
 l - a +0 plate armour (worn)
 u - a scarf of repulsion (worn)
Jewellery
 b - an uncursed ring of fire
 m - a +4 ring of dexterity (left hand)
 n - a ring of poison resistance (right hand)
 r - an amulet of the acrobat (around neck)
Wands
 j - a wand of flame (14)
Scrolls
 g - 2 scrolls of remove curse
 h - 6 scrolls of identify
 o - 2 scrolls of teleportation {unknown}
 p - 2 scrolls of noise
 t - a scroll of fog {unknown}
Potions
 e - a potion of ambrosia
 k - a potion of flight
 s - a potion of berserk rage {unknown}
Comestibles
 f - 8 rations
 i - 10 chunks of flesh


   Skills:
 + Level 6.1 Fighting
 * Level 8.8 Polearms
 - Level 1.7 Throwing
 - Level 2.6 Dodging


You had 7 spell levels left.
You didn't know any spells.
Your spell library contained the following spells:

 Spells                   Type           Power        Failure   Level  Hunger
 Flame Tongue             Conj/Fire      #....        100%        1    ##.....
 Throw Flame              Conj/Fire      #.....       100%        2    ###....
 Conjure Flame            Conj/Fire      #.......     100%        3    ####...
 Inner Flame              Hex/Fire       #.......     100%        3    ####...
 Sticky Flame             Conj/Fire      #.......     100%        4    #####..
 Fireball                 Conj/Fire      #.........   100%        5    ######.


Dungeon Overview and Level Annotations

Branches:
Dungeon (6/15)
 Temple: D:4-7

Annotations:
D:3 1 runed translucent door, Sondor's ghost, amateur DsCK
D:6 Menkaure


Innate Abilities, Weirdness & Mutations

You have an increased reservoir of magic. (+10% MP)


Message History

You reach to attack!
You hit Menkaure.
Menkaure is lightly damaged.
Menkaure murmurs a few words.
You puncture Menkaure!
Menkaure is severely damaged.
Menkaure calls on the powers of darkness!
Your body is wracked with pain!
You are too injured to fight recklessly!
You are too injured to fight recklessly!
You hit Menkaure.
Menkaure is almost destroyed.
You barely miss Menkaure.
Menkaure is almost destroyed.
Menkaure hits you!
* * * LOW HITPOINT WARNING * * *
You completely miss Menkaure.
Menkaure is almost destroyed.
Menkaure hums, "Let me perform the rites..."
Menkaure hits you!!
You die...

#..........#
#..........#
#..........
#.........
........ .....
#.M# #@# #.# #.#
.# #>####...
#........
#######........
#.........#####
######.........
#........#.###..


You could see Menkaure.

Vanquished Creatures
  Eustachio (D:4)
  3 yaks (D:5)
  Duvessa (D:4)
  2 phantoms (D:4)
  Dowan (D:4)
  3 electric eels (D:4)
  A crimson imp (D:5)
  Crazy Yiuf (D:2)
  2 hounds (D:4)
  2 orc priests
  4 orc wizards
  Jessica (D:2)
  An iguana (D:4)
  Ijyb (D:2)
  6 worker ants
  3 adders
  An ooze (D:5)
  5 worms
  4 dart slugs
  A leopard gecko (D:5)
  25 orcs
  6 bats
  4 giant cockroaches
  14 goblins
  5 hobgoblins
  6 jackals
  2 quokkas
  2 ball pythons (D:3)
  3 frilled lizards
  A jackal skeleton (D:4)
  10 kobolds
  A leopard gecko skeleton (D:4)
  A rat (D:1)
124 creatures vanquished.

Notes
Turn   | Place    | Note
-------+----------+-------------------------------------------
     0 | D:1      | Johnny the Demigod Gladiator began the quest for the Orb.
     0 | D:1      | Reached XP level 1. HP: 17/17 MP: 3/3
   228 | D:1      | Reached skill level 3 in Polearms
   341 | D:1      | Reached XP level 2. HP: 24/24 MP: 4/4
   980 | D:2      | Noticed Ijyb
  1036 | D:2      | Killed Ijyb
  1036 | D:2      | Reached XP level 3. HP: 26/30 MP: 5/5
  1207 | D:2      | Reached skill level 4 in Polearms
  1595 | D:2      | Noticed Jessica
  1601 | D:2      | Killed Jessica
  1601 | D:2      | Reached XP level 4. HP: 37/37 MP: 6/6
  1868 | D:2      | Found a runed translucent door.
  1869 | D:2      | Noticed Crazy Yiuf
  1882 | D:2      | Killed Crazy Yiuf
  2000 | D:3      | Found a white marble altar of Elyvilon.
  2017 | D:3      | Found a runed translucent door.
  2017 | D:3      | Noticed Sondor's ghost (amateur DsCK)
  2088 | D:3      | Reached XP level 5. HP: 42/45 MP: 7/7
  2186 | D:3      | Found a basalt altar of Yredelemnul.
  2590 | D:4      | Reached skill level 5 in Polearms
  2609 | D:4      | Found Eghirhex's Assorted Antiques.
  2869 | D:4      | Found a transporter.
  2886 | D:4      | Noticed a phantom
  2933 | D:4      | Killed a phantom
  2933 | D:4      | Reached XP level 6. HP: 30/52 MP: 8/8
  3045 | D:4      | Noticed Eustachio
  3060 | D:4      | Killed Eustachio
  3060 | D:4      | Reached skill level 6 in Polearms
  3071 | D:4      | Found an ancient bone altar of Kikubaaqudgha.
  3440 | D:4      | Found a transporter.
  3501 | D:4      | Noticed Dowan
  3501 | D:4      | Noticed Duvessa
  3522 | D:4      | Killed Duvessa
  3522 | D:4      | Reached XP level 7. HP: 42/60 MP: 9/9
  3566 | D:4      | Killed Dowan
  3918 | D:4      | Reached skill level 7 in Polearms
  4053 | D:5      | Entered Level 5 of the Dungeon
  4119 | D:5      | Reached skill level 5 in Fighting
  4293 | D:5      | Found a shadowy altar of Dithmenos.
  4337 | D:5      | Noticed a yak
  4338 | D:5      | Noticed a yak
  4339 | D:5      | Noticed a yak
  4352 | D:5      | Killed a yak
  4756 | D:4      | Reached XP level 8. HP: 64/69 MP: 10/10
  4797 | D:5      | Reached skill level 8 in Polearms
  5708 | D:6      | Noticed Menkaure
  5716 | D:6      | Slain by Menkaure

Levels and vault maps discovered:
D:1:      giann_wishing_wells, layout_basic, grunt_decor_clamped, st_stairs_14,
          corner_web_ring
D:2:      kennysheep_the_goblin_king, layout_basic, uniq_crazy_yiuf_cottage,
          uniq_jessica
D:3:      layout_loops_cross, yredelemnul_altar_generic, elyvilon_altar_3,
          hellmonk_ghost_happy_afterlife, palyth_stone_intersect
D:4:      gammafunk_steamed_eel, layout_layer_cave, old_standard_altar,
          serial_shops, nicolae_shop_overgrown_old_shop, uniq_eustachio,
          uniq_duvessa
D:5:      layout_loops_corners, nicolae_dithmenos_shadow_blocks, first_ration
D:6:      layout_rooms, tgw_fedhas, uniq_sigmund, uniq_menkaure

Skill      XL: |  1  2  3  4  5  6  7  8 |
---------------+-------------------------+-----
Polearms       | 3 4 5 6 7 8 |  8.8
Fighting       | 2 3 4 5 6 |  6.1
Throwing       | |  1.7
Dodging        | |  2.6

Action                   |  1- 3 |  4- 6 |  7- 9 || total
-------------------------+-------+-------+-------++-------
Melee: Trident           |   142 |   233 |   184 ||   559
Evoke: Wand              |       |     8 |     8 ||    16
  Use: Potion            |     4 |     1 |     5 ||    10
       Scroll            |       |     5 |     1 ||     6
  Eat: Chunk             |     1 |     8 |     7 ||    16
Armor: Leather armour    |     3 |       |       ||     3
       Plate armour      |    68 |   109 |   114 ||   291
Dodge: Dodged            |    36 |    66 |    64 ||   166
       Deflected         |       |       |     1 ||     1

Table legend:
 A = Non-vault XP
 B = Vault XP
 C = Vault XP percentage of total XP
 D = Non-vault monster count
 E = Vault monster count
 F = Vault count percentage of total count
                 A         B        C        D         E       F
            +---------+---------+-------+---------+---------+-------
      Total |    1686 |     723 |  30.0 |     107 |      17 |  13.7
            +---------+---------+-------+---------+---------+-------
        D:1 |      16 |       4 |  20.0 |       9 |       2 |  18.2
        D:2 |      50 |     127 |  71.8 |      21 |       9 |  30.0
        D:3 |      77 |       0 |   0.0 |      28 |       0 |   0.0
        D:4 |     527 |     592 |  52.9 |      19 |       6 |  24.0
        D:5 |     894 |       0 |   0.0 |      25 |       0 |   0.0
        D:6 |     122 |       0 |   0.0 |       5 |       0 |   0.0
            +---------+---------+-------+---------+---------+-------
